 Dungeon Crawl Stone Soup version 0.31-a0-175-g9f7f995f2b (webtiles) character file.

Game seed: 4917300184177073768

615 qw the Shooter (level 7, -2/64 HPs)
             Began as a Naga Hunter on June 17, 2023.
             Slain by a gnoll sergeant
             ... wielding a +1 spear of venom
              (8 damage)
             ... on level 5 of the Dungeon.
             The game lasted 00:01:10 (3377 turns).

qw the Shooter (Naga Hunter)                        Turns: 3377, Time: 00:01:11

Health: -2/64      AC:  4    Str: 13    XL:     7   Next: 45%
Magic:  7/7        EV: 10    Int: 10    God:
Gold:   70         SH:  0    Dex: 16    Spells: 6/6 levels left

rFire   . . .        Y - +2 shortbow
rCold   . . .        (shield currently unavailable)
rNeg    . . .        c - +0 leather armour
rPois   +            (no helmet)
rElec   .            g - +0 cloak
rCorr   .            (no gloves)
SInv    +            (no barding)
Will    .....        (no amulet)
Stlth   ++           (no ring)
HPRegen 0.30/turn    (no ring)
MPRegen 0.10/turn

%: no passive effects
@: lethally poisoned (-2 -> -10), short of breath, very slow
A: AC +2, large, see invisible, deformed body, poison resistance, slowness 2,
spit poison 1, naga tail 1
a: Spit Poison


You were on level 5 of the Dungeon.
You visited 1 branch of the dungeon, and saw 5 of its levels.

You collected 154 gold pieces.
You spent 84 gold pieces at shops.


Innate Abilities, Weirdness & Mutations

Your serpentine skin is tough. (AC +2)
You have supernaturally acute eyesight. (SInv)
Armour fits poorly on your strangely shaped body.
Your system is resistant to poisons. (rPois)
You cover ground very slowly.
You can spit poison.
You have a snake-like lower body.


   Skills:
 - Level 4.0 Fighting
 + Level 7.1 Ranged Weapons
 - Level 2.1 Dodging
 - Level 1.5 Stealth


You had 6 spell levels left.
You didn't know any spells.
Your spell library was empty.

Inventory:

Hand Weapons
 Y - a +2 shortbow (weapon)
Armour
 c - a +0 leather armour (worn)
 g - a +0 cloak (worn)
Scrolls
 l - a scroll of identify
Potions
 e - a potion of degeneration {unknown}
 f - a potion of curing
 h - a potion of mutation {unknown}
 j - a potion of lignification {unknown}

Dungeon Overview and Level Annotations

Branches:
Dungeon (5/15)
 Temple: D:4-7

Altars:
Ashenzari
Cheibriados
Hepliaklqana
Wu Jian
Zin

Shops:
D:1 *   D:3 *   D:4 ?


Message History

The orc priest begins to cast a cantrip, but forgets the words!
The orc wizard gestures at you while chanting.
You easily resist.
You shoot an arrow. The gnoll sergeant blocks the arrow.
The gnoll sergeant hits you from afar with a +1 spear of venom.
The orc priest invokes the aid of Beogh against you.
Beogh smites you! The orc barely misses you.
The gnoll sergeant hits you from afar with a +1 spear of venom.
You are poisoned.
You shoot an arrow.
The arrow hits the orc but does no damage.
You have got your breath back.
You feel very sick.
The gnoll sergeant completely misses you.
The orc closely misses you.
3375 ||| INVOKING Spit Poison.
Aiming: Spit Poison (1% risk of failure)
Press: ? - help, Shift-Dir - straight line, f - orc priest, p - orc The splash of poison misses the orc priest.
You feel sick.
The gnoll sergeant hits you from afar with a +1 spear of venom!
You are more poisoned.
The orc priest closely misses you. The orc misses you.
The orc wizard hits you with a +0 dagger.
You shoot an arrow. The adder hisses angrily.
The arrow hits the orc priest but does no damage.
The orc priest is almost dead.
You feel very sick.
The orc priest looks more healthy.
The gnoll sergeant hits you from afar with a +1 spear of venom.
The orc priest hits you with a +0 dagger.
The orc hits you with a +0 flail.
The orc wizard hits you but does no damage.
You shoot an arrow.
The arrow hits the orc priest but does no damage.
The orc priest is almost dead.
You feel very sick.
The gnoll sergeant hits you from afar with a +1 spear of venom!
You die...

##............
.............
....)....... #
....S...... .#
........ ..#
#.....# ..#
#...)g##..#
#...<....#
#....@..##
#....ooo.#
#......l..#
#..###...=.#
.. $.....# .
#.......
)...#....
....# .....


You could see a gnoll sergeant, an iguana, an orc priest, an orc wizard, an
adder and an orc.

Vanquished Creatures
  Sigmund (D:4)
  A scorpion (D:4)
  3 hounds (D:4)
  2 iguanas (D:4)
  2 orc wizards
  5 gnolls
  6 adders
  A shadow imp (D:4)
  3 ufetubi (D:4)
  2 dart slugs
  A worm (D:2)
  4 orcs (D:3)
  5 bats
  4 endoplasms
  4 giant cockroaches
  3 goblins
  4 hobgoblins
  6 jackals
  2 quokkas (D:2)
  11 ball pythons
  2 frilled lizards (D:1)
  4 kobolds
  3 rats
79 creatures vanquished.

Notes
Turn   | Place    | Note
-------+----------+-------------------------------------------
     0 | D:1      | qw the Naga Hunter began the quest for the Orb.
     0 | D:1      | Reached XP level 1. HP: 19/19 MP: 1/1
     0 | D:1      | 0 ||| qw: Version: 0.3-a-2-g5ab2908
     0 | D:1      | 0 ||| qw: Game counter: 221
     0 | D:1      | 0 ||| qw: Always use a shield: true
     0 | D:1      | 0 ||| qw: God list: Okawaru
     0 | D:1      | 0 ||| qw: Allow faded altars: false
     0 | D:1      | 0 ||| qw: Do Orc after D:15 true
     0 | D:1      | 0 ||| qw: Do second Lair branch before Depths: true
     0 | D:1      | 0 ||| qw: Lair rune preference: random
     0 | D:1      | 0 ||| qw: Plans: Normal
     0 | D:1      | 0 ||| PLANNING D:1-11
    24 | D:1      | 24 ||| INVOKING Spit Poison.
    57 | D:1      | Found Jushrua's Assorted Antiques.
    59 | D:1      | 59 ||| INVOKING Spit Poison.
    67 | D:1      | 67 ||| SHOPLISTING pair of glowing gloves (127 gold, have
                  | 15).
    67 | D:1      | 67 ||| SHOPLISTING scroll labelled NOSHRI RIXZIUNO (17
                  | gold, have 15).
    67 | D:1      | 67 ||| SHOPLISTING shimmering arbalest (161 gold, have 15).
    75 | D:1      | 75 ||| INVOKING Spit Poison.
   115 | D:1      | 115 ||| INVOKING Spit Poison.
   187 | D:1      | 187 ||| INVOKING Spit Poison.
   190 | D:1      | 190 ||| INVOKING Spit Poison.
   195 | D:1      | HP: 4/19 [jackal (1)]
   196 | D:1      | Reached skill level 4 in Ranged Weapons
   196 | D:1      | Reached XP level 2. HP: 6/26 MP: 2/2
   196 | D:1      | 196 ||| INVOKING Spit Poison.
   281 | D:1      | 281 ||| INVOKING Spit Poison.
   286 | D:1      | 286 ||| INVOKING Spit Poison.
   287 | D:1      | 287 ||| INVOKING Spit Poison.
   293 | D:1      | 293 ||| INVOKING Spit Poison.
   434 | D:1      | 434 ||| READING scroll labelled NOSHRI RIXZIUNO.
   435 | D:1      | 435 ||| READING scroll labelled WOZIYW WEOP.
   439 | D:1      | 439 ||| READING scroll labelled NAELAQEKHLI.
   440 | D:1      | 440 ||| READING 2 scrolls labelled VINGOW HEXY.
   441 | D:1      | 441 ||| DROPPING scroll of butterflies.
   442 | D:1      | 442 ||| DROPPING scroll of fear.
   487 | D:2      | 487 ||| INVOKING Spit Poison.
   491 | D:2      | 491 ||| INVOKING Spit Poison.
   529 | D:2      | 529 ||| INVOKING Spit Poison.
   532 | D:2      | Reached XP level 3. HP: 32/32 MP: 3/3
   617 | D:2      | 617 ||| INVOKING Spit Poison.
   633 | D:2      | 633 ||| INVOKING Spit Poison.
   638 | D:2      | 638 ||| INVOKING Spit Poison.
   698 | D:2      | 698 ||| INVOKING Spit Poison.
   737 | D:2      | 737 ||| INVOKING Spit Poison.
   756 | D:2      | 756 ||| INVOKING Spit Poison.
   757 | D:2      | Reached skill level 5 in Ranged Weapons
   823 | D:2      | 823 ||| INVOKING Spit Poison.
   824 | D:2      | Reached XP level 4. HP: 39/39 MP: 4/4
   856 | D:2      | 856 ||| INVOKING Spit Poison.
   857 | D:2      | 857 ||| INVOKING Spit Poison.
   873 | D:2      | 873 ||| INVOKING Spit Poison.
  1119 | D:2      | 1119 ||| INVOKING Spit Poison.
  1154 | D:2      | 1154 ||| INVOKING Spit Poison.
  1192 | D:2      | 1192 ||| READING scroll labelled COHIUXZUVENT.
  1344 | D:3      | 1344 ||| INVOKING Spit Poison.
  1411 | D:3      | 1411 ||| INVOKING Spit Poison.
  1487 | D:3      | 1487 ||| INVOKING Spit Poison.
  1529 | D:3      | 1529 ||| INVOKING Spit Poison.
  1534 | D:3      | 1534 ||| INVOKING Spit Poison.
  1537 | D:3      | 1537 ||| INVOKING Spit Poison.
  1550 | D:3      | 1550 ||| INVOKING Spit Poison.
  1552 | D:3      | Reached skill level 3 in Fighting
  1554 | D:3      | 1554 ||| INVOKING Spit Poison.
  1643 | D:3      | Found Zin's Purification Station.
  1646 | D:3      | Found a glowing silver altar of Zin.
  1652 | D:3      | 1652 ||| SHOPLISTING potion of curing (90 gold, have 77).
  1670 | D:3      | Found an ornate altar of the Wu Jian Council.
  1670 | D:3      | Found a hazy altar of Hepliaklqana.
  1670 | D:3      | Found a broken altar of Ashenzari.
  1670 | D:3      | Found a snail-covered altar of Cheibriados.
  1674 | D:3      | 1674 ||| INVOKING Spit Poison.
  1681 | D:3      | 1681 ||| INVOKING Spit Poison.
  1685 | D:3      | Reached XP level 5. HP: 33/49 MP: 5/5
  1807 | D:3      | 1807 ||| INVOKING Spit Poison.
  1847 | D:3      | 1847 ||| INVOKING Spit Poison.
  1878 | D:3      | 1878 ||| INVOKING Spit Poison.
  2012 | D:3      | 2012 ||| INVOKING Spit Poison.
  2101 | D:3      | 2101 ||| READING 3 scrolls labelled WOTTUFO PENATEG.
  2102 | D:3      | 2102 ||| READING scroll labelled KOACEA XYORPHIM.
  2103 | D:3      | 2103 ||| DRINKING 3 yellow potions.
  2104 | D:3      | 2104 ||| DROPPING 2 scrolls of blinking.
  2183 | D:4      | 2183 ||| INVOKING Spit Poison.
  2297 | D:4      | 2297 ||| READING scroll of enchant weapon.
  2297 | D:4      | 2297 ||| ENCHANTING +1 shortbow.
  2345 | D:4      | 2345 ||| INVOKING Spit Poison.
  2351 | D:4      | 2351 ||| INVOKING Spit Poison.
  2410 | D:4      | 2410 ||| INVOKING Spit Poison.
  2472 | D:4      | 2472 ||| INVOKING Spit Poison.
  2477 | D:4      | 2477 ||| INVOKING Spit Poison.
  2558 | D:4      | 2558 ||| INVOKING Spit Poison.
  2565 | D:4      | 2565 ||| INVOKING Spit Poison.
  2590 | D:4      | 2590 ||| INVOKING Spit Poison.
  2593 | D:4      | 2593 ||| INVOKING Spit Poison.
  2719 | D:4      | Noticed Sigmund
  2723 | D:4      | 2723 ||| INVOKING Spit Poison.
  2730 | D:4      | 2730 ||| INVOKING Spit Poison.
  2732 | D:4      | Killed Sigmund
  2733 | D:4      | Reached skill level 6 in Ranged Weapons
  2733 | D:4      | Reached XP level 6. HP: 40/56 MP: 6/6
  2888 | D:4      | 2888 ||| INVOKING Spit Poison.
  2893 | D:4      | 2893 ||| INVOKING Spit Poison.
  2933 | D:4      | Found Waomooqiu's Magic Scroll Shoppe.
  2938 | D:4      | 2938 ||| BUYING scroll of identify (28 gold).
  2938 | D:4      | Bought a scroll of identify for 28 gold pieces
  2938 | D:4      | 2938 ||| BUYING scroll of identify (28 gold).
  2938 | D:4      | Bought a scroll of identify for 28 gold pieces
  2938 | D:4      | 2938 ||| BUYING scroll of identify (28 gold).
  2938 | D:4      | Bought a scroll of identify for 28 gold pieces
  2965 | D:4      | 2965 ||| INVOKING Spit Poison.
  3043 | D:4      | 3043 ||| UPGRADING to +0 cloak.
  3048 | D:4      | 3048 ||| READING 4 scrolls labelled CUMNIT FI RATSERU.
  3049 | D:4      | 3049 ||| READING scroll labelled TELUUTO RA MYL.
  3050 | D:4      | 3050 ||| DRINKING 2 fizzy clear potions.
  3051 | D:4      | 3051 ||| READING 3 scrolls of identify.
  3051 | D:4      | 3051 ||| IDENTIFYING green potion
  3052 | D:4      | 3052 ||| READING 2 scrolls of identify.
  3052 | D:4      | 3052 ||| IDENTIFYING red potion
  3053 | D:4      | 3053 ||| DROPPING potion of invisibility.
  3054 | D:4      | 3054 ||| DROPPING potion of magic.
  3055 | D:4      | 3055 ||| DROPPING 3 scrolls of fog.
  3072 | D:5      | Entered Level 5 of the Dungeon
  3073 | D:5      | 3073 ||| INVOKING Spit Poison.
  3077 | D:5      | Reached XP level 7. HP: 63/63 MP: 7/7
  3079 | D:5      | 3079 ||| INVOKING Spit Poison.
  3081 | D:5      | 3081 ||| STAIRDANCE
  3085 | D:4      | 3085 ||| INVOKING Spit Poison.
  3087 | D:4      | HP: 14/64 [gnoll/+0 flail[a gnoll sergeant] (7)]
  3088 | D:4      | 3088 ||| DRINKING 2 potions of heal wounds.
  3089 | D:4      | 3089 ||| INVOKING Spit Poison.
  3208 | D:5      | 3208 ||| INVOKING Spit Poison.
  3209 | D:5      | 3209 ||| STAIRDANCE
  3212 | D:4      | 3212 ||| INVOKING Spit Poison.
  3213 | D:4      | Reached skill level 7 in Ranged Weapons
  3217 | D:4      | 3217 ||| INVOKING Spit Poison.
  3219 | D:4      | HP: 15/64 [hound (3)]
  3220 | D:4      | 3220 ||| DRINKING potion of heal wounds.
  3221 | D:4      | 3221 ||| INVOKING Spit Poison.
  3226 | D:4      | 3226 ||| INVOKING Spit Poison.
  3364 | D:5      | 3364 ||| INVOKING Spit Poison.
  3369 | D:5      | 3369 ||| INVOKING Spit Poison.
  3375 | D:5      | 3375 ||| INVOKING Spit Poison.
  3376 | D:5      | HP: 14/64 [poisoned by a gnoll sergeant]
  3377 | D:5      | HP: 6/64 [poisoned by a gnoll sergeant]
  3377 | D:5      | Slain by a gnoll sergeant

Levels and vault maps discovered:
D:1:      dpeg_arrival_rhombus, layout_rooms, serial_shops, shop
D:2:      layout_loops_corners, minmay_shallow_snake_nest
D:3:      layout_loops_ring, zin_purify,
          chequers_temple_overflow_statue_of_worship, serial_aquarium,
          aquarium_bridge_square [aquarium_subvault_bridge,
          aquarium_subvault_balcony, aquarium_subvault_window,
          aquarium_subvault_wall], aquarium_bridge_square
          [aquarium_subvault_bridge, aquarium_subvault_bridge,
          aquarium_subvault_wall, aquarium_subvault_bridge], aquarium_window_2,
          aquarium_window_fake, aquarium_view_2b, aquarium_view_2a
D:4:      layout_gridville, serial_shops, nicolae_shop_rolling_square,
          minmay_stone_trees_small, uniq_sigmund
D:5:      layout_layer_cave, minmay_temple_entry_nine_rooms

Skill      XL: |  1  2  3  4  5  6  7 |
---------------+----------------------+-----
Ranged Weapons | 4 5 6 7 |  7.1
Fighting       | 3 4 |  4.0
Dodging        | 2 |  2.1
Stealth        | |  1.5

Action                     |  1- 3 |  4- 6 |  7- 9 || total
---------------------------+-------+-------+-------++-------
   Fire: Shortbow          |    57 |    94 |    30 ||   181
Ability: Spit Poison       |    20 |    34 |    11 ||    65
    Use: Scroll            |     4 |     8 |       ||    12
         Potion            |       |     2 |     2 ||     4
 Armour: Leather armour    |     7 |    10 |    11 ||    28
  Dodge: Dodged            |    17 |    33 |    37 ||    87

Table legend:
 A = Non-vault XP
 B = Vault XP
 C = Vault XP percentage of total XP
 D = Non-vault monster count
 E = Vault monster count
 F = Vault count percentage of total count
                 A         B        C        D         E       F
            +---------+---------+-------+---------+---------+-------
      Total |     619 |     260 |  29.6 |      72 |       7 |   8.9
            +---------+---------+-------+---------+---------+-------
        D:1 |      31 |       0 |   0.0 |      17 |       0 |   0.0
        D:2 |      52 |      21 |  28.8 |      15 |       6 |  28.6
        D:3 |      86 |       0 |   0.0 |      16 |       0 |   0.0
        D:4 |     356 |     239 |  40.2 |      19 |       1 |   5.0
        D:5 |      94 |       0 |   0.0 |       5 |       0 |   0.0
            +---------+---------+-------+---------+---------+-------
